Map: Site Delta LE

Players

tjygn - Winner!

  • Race: Zerg Zerg
  • League: Silver
  • Spawn Location: 11:00

erkipErki

  • Race: Zerg Zerg
  • League: Master
  • Spawn Location: 5:00

VOD

Have the link to the VOD?

Description

Time

  • Played on: Aug. 4, 2024, 10:25 p.m.
  • Length: 13:03
Show
View Real Time Build Order
Export as new Build Order

tjygn Zerg - Winner!

Build Orders: Hatch First 

Get SALT Encoding   

  12  0:00  Drone  
  13  0:13  Overlord  
  13  0:17  Drone  
  14  0:31  Drone x2  
  16  0:48  Hatchery  
  15  0:51  Drone  
  15  0:55  Drone  
  17  0:58  Drone  
  18  1:09  Extractor  
  17  1:14  Spawning Pool  
  17  1:18  Drone  
  17  1:20  Drone  
  18  1:28  Drone  
  19  1:39  Drone  
  20  1:53  Drone  
  21  2:01  Drone, Overlord  
  22  2:02  Queen x2  
  26  2:11  Drone  
  26  2:12  Drone  
  28  2:23  Drone x2  
  30  2:32  Overlord  
  30  2:33  Drone  
  31  2:41  Queen  
  31  2:43  Drone  
  34  2:44  Drone  
  34  2:45  Lair  
  35  2:53  Drone  
  35  2:54  Overlord  
  36  3:04  Drone  
  37  3:06  Drone  
  38  3:13  Drone x6  
  44  3:22  Evolution Chamber, Roach Warren  
  44  3:25  Evolution Chamber  
  41  3:32  Extractor  
  41  3:33  Extractor  
  39  3:37  Drone x2  
  39  3:38  Drone  
  39  3:39  Drone  
  43  3:47  Drone x2  
  45  3:49  Drone x3  
  45  3:52  Overlord x3  
  48  3:58  Zerg Missile Weapons Level 1  
  48  4:01  Roach x2  
  52  4:11  Roach x2  
  58  4:17  Roach x4  
  64  4:28  Drone x2  
  64  4:30  Overlord  
  66  4:34  Overlord  
  66  4:36  Hatchery  
  66  4:45  Drone x2  
  66  4:46  Drone x4  
  66  4:49  Drone x2  
  66  4:52  Overlord  
  73  4:59  Extractor  
  72  5:00  Hydralisk Den, Drone  
  72  5:02  Drone  
  73  5:08  Drone  
  73  5:13  Drone  
  75  5:21  Drone x6  
  81  5:30  Grooved Spines  
  81  5:33  Zerg Ground Armor Level 1  
  81  5:34  Drone  
  81  5:35  Drone  
  83  5:39  Extractor  
  83  5:41  Extractor  
  81  5:46  Drone x2  
  83  5:51  Hatchery  
  83  5:53  Queen  
  83  5:55  Drone x3  
  87  5:58  Drone  
  87  5:59  Drone x2  
  90  6:10  Overlord x2  
  90  6:11  Hydralisk  
  90  6:12  Hydralisk x3  
  90  6:17  Zerg Missile Weapons Level 2  
  98  6:21  Muscular Augments  
  96  6:29  Overlord x2  
  96  6:31  Hydralisk x6  
  108  6:33  Hydralisk  
  110  6:45  Drone x3  
  113  6:47  Hydralisk  
  113  6:48  Hydralisk  
  117  6:55  Hatchery  
  116  7:04  Drone  
  117  7:12  Hydralisk x2  
  117  7:13  Hydralisk x2  
  125  7:17  Overlord x2  
  125  7:18  Drone x4  
  129  7:25  Hydralisk  
  129  7:28  Drone x2  
  133  7:34  Drone x5  
  133  7:35  Drone  
  139  7:51  Drone x2  
  139  7:52  Drone x3  
  139  7:55  Zerg Ground Armor Level 2  
  144  7:58  Hatchery  
  144  7:59  Drone x4  
  144  8:03  Overlord x2  
  144  8:04  Drone  
  144  8:05  Drone x3  
  151  8:09  Hydralisk x4  
  159  8:18  Extractor  
  159  8:19  Overlord x4  
  158  8:20  Extractor  
  157  8:31  Hydralisk x6  
  169  8:39  Hydralisk x6  
  181  8:55  Hydralisk x3  
  181  8:56  Hydralisk x3  
  181  8:59  Hydralisk x2  
  197  9:04  Hydralisk  
  195  9:12  Hydralisk x5  
  195  9:13  Hydralisk  
  193  9:23  Hydralisk x3  
  193  9:24  Hydralisk x7  
  199  9:58  Overseer x2  
  199  10:17  Hatchery  
  197  10:22  Drone x2  
  197  10:23  Drone  
  198  10:51  Hydralisk  
  200  11:28  Extractor  
  200  11:29  Extractor  
  200  11:31  Drone x2  
  194  12:30  Hydralisk  
  194  12:31  Hydralisk x3  
Show
View Real Time Build Order
Export as new Build Order

erkipErki Zerg 

Build Orders: Hatch First 

Get SALT Encoding   

  12  0:01  Drone  
  13  0:12  Overlord  
  13  0:26  Drone  
  14  0:31  Drone x2  
  16  0:50  Hatchery  
  16  0:52  Drone  
  16  0:55  Drone  
  17  1:02  Drone  
  18  1:12  Extractor  
  18  1:16  Spawning Pool  
  16  1:18  Drone  
  16  1:23  Drone  
  18  1:32  Drone  
  19  1:41  Drone  
  20  1:53  Overlord  
  20  2:02  Extractor  
  19  2:11  Drone x2  
  21  2:22  Queen  
  21  2:24  Queen  
  21  2:28  Drone x2  
  21  2:29  Drone x2  
  29  2:35  Drone x2  
  31  2:45  Overlord  
  31  2:50  Zergling x2  
  32  3:08  Hatchery  
  31  3:14  Queen  
  33  3:20  Queen  
  33  3:22  Drone x6  
  41  3:41  Overlord x2  
  41  3:42  Zergling x6  
  44  3:53  Overlord x4  
  44  4:07  Roach Warren  
  43  4:19  Zergling x2  
  43  4:20  Zergling x8  
  48  4:28  Spine Crawler  
  47  4:38  Metabolic Boost  
  47  4:49  Drone  
  47  4:50  Drone x8  
  47  4:51  Roach x2  
  47  4:52  Roach  
  62  5:01  Extractor  
  62  5:02  Extractor  
  60  5:23  Queen x2  
  60  5:24  Queen  
  66  5:36  Drone x2  
  66  5:37  Drone x3  
  71  5:44  Drone x9  
  71  5:45  Roach x2  
  71  5:46  Roach  
  86  6:00  Overlord x4  
  83  6:34  Roach x3  
  83  6:35  Roach x8  
  83  6:36  Zergling x6  
  108  6:50  Roach x3  
  114  6:57  Roach, Overlord  
  114  6:58  Roach  
  118  7:17  Roach x3  
  118  7:19  Ravager  
  118  7:20  Ravager x4  
  129  7:53  Overlord x2  
  129  7:54  Overlord  
  129  7:56  Overlord x2  
  129  8:00  Overlord  
  129  8:01  Overlord x2  
  129  8:15  Roach x2  
  129  8:16  Roach  
  129  8:19  Ravager x8  
  143  8:20  Ravager x3  
  143  8:21  Ravager x3  
  143  8:25  Zergling x2  
  143  8:26  Zergling x12  
  143  8:27  Zergling x4  
  67  9:29  Zergling x4  
  67  9:30  Zergling x8  
  71  9:48  Spine Crawler  
  71  9:49  Spine Crawler  
  71  9:50  Spine Crawler x2  
  67  10:09  Lair  
  67  10:14  Evolution Chamber  
  66  10:19  Evolution Chamber  
  59  10:57  Drone x5  
  59  10:58  Drone x4  
  68  11:19  Hatchery  
  68  11:24  Spire  
  66  11:26  Hatchery  
  66  11:27  Infestation Pit  
  66  11:32  Hydralisk Den  
  63  12:07  Grooved Spines  
  63  12:10  Hydralisk x9  
  63  12:11  Hydralisk x9  
Tags
 
Add a new tag
Caveats
  • Supply blocks, unpowered buildings, or Contaminate may cause inaccurate times.
  • Supply counts are checked every 10 seconds.